NCAA
PACIFIC TIGERS @ ARIZONA STATE SUN DEVILS
02/14/2060
 
TOP OF THE 1ST
Pacific Tigers batting - Pitching for Arizona State Sun Devils : RHP Tierre Pequeno
Pitching: RHP Tierre Pequeno
Batting: RHB Dillon Cope 0-0: Called Strike
0-1: Swinging Strike
0-2: Strikes out swinging
Batting: RHB Keaton Borneman 0-0: Ball
1-0: Ball
2-0: Foul Ball, location: 2F
2-1: Ball
3-1: Ground out 6-3 (Groundball, 6, EV 88.1 MPH)
Batting: LHB Deontay Gardner 0-0: Called Strike
0-1: Ball
1-1: Ball
2-1: Swinging Strike
2-2: Fly out, F3 (Popup, 3, EV 64.4 MPH)
Top of the 1st over - 0 runs, 0 hits, 0 errors, 0 left on base; Pacific 0 - Arizona State 0
BOTTOM OF THE 1ST
Arizona State Sun Devils batting - Pitching for Pacific Tigers : LHP Nolan Guidry
Pitching: LHP Nolan Guidry
Batting: RHB Brian Reser 0-0: Ground out 1-3 (Groundball, 15S, EV 68.8 MPH)
Batting: RHB Tony Walker 0-0: Ball
1-0: Swinging Strike
1-1: Foul Ball, location: 2F
1-2: Ball
2-2: Fly out, F9 (Flyball, 89M, EV 88.1 MPH)
Batting: RHB Joey Bryan 0-0: Called Strike
0-1: Ball
1-1: Ball
2-1: Fly out, F9 (Flyball, 89M, EV 86.9 MPH)
Bottom of the 1st over - 0 runs, 0 hits, 0 errors, 0 left on base; Pacific 0 - Arizona State 0
TOP OF THE 2ND
Pacific Tigers batting - Pitching for Arizona State Sun Devils : RHP Tierre Pequeno
Batting: RHB R.C. Fees 0-0: Called Strike
0-1: Ball
1-1: Called Strike
1-2: Strikes out swinging
Batting: RHB Devin Pickett 0-0: Ball
1-0: Called Strike
1-1: Ball
2-1: SINGLE (Flyball, 6D, EV 85.0 MPH)
Batting: SHB Henry Champion 0-0: SINGLE (Groundball, 5D, EV 100.0 MPH)
Devin Pickett to second
Batting: RHB Joey Tindall 0-0: Ball
1-0: Ball
2-0: Ball
3-0: Base on Balls
Devin Pickett to third
Henry Champion to second
Batting: RHB Alex Johnson 0-0: Swinging Strike
0-1: Ball
1-1: Swinging Strike
1-2: Fly out, F8 (Flyball, 8RM, EV 75.0 MPH)
Runner from 3rd tags up, SCORES, throw by CF
Batting: RHB Lemarr Fornasari 0-0: Called Strike
0-1: Ball
1-1: Called Strike
1-2: Foul Ball, location: 2F
1-2: Strikes out looking
Top of the 2nd over - 1 run, 2 hits, 0 errors, 2 left on base; Pacific 1 - Arizona State 0
BOTTOM OF THE 2ND
Arizona State Sun Devils batting - Pitching for Pacific Tigers : LHP Nolan Guidry
Batting: RHB Paul Johnson 0-0: Foul Ball, location: 2F
0-1: SINGLE (Flyball, 89S, EV 90.0 MPH)
Batting: RHB DaVaris Sandalls 0-0: Called Strike
0-1: Foul Ball, location: 2F
0-2: 2-RUN HOME RUN (Flyball, 7D, EV 96.2 MPH), Distance : 376 ft
Batting: RHB Brian Yensen 0-0: Ball
1-0: Called Strike
1-1: Called Strike
1-2: Foul Ball, location: 2F
1-2: SINGLE (Line Drive, 34, EV 97.5 MPH)
Batting: LHB Dallas Mayer 0-0: Ball
Brian Yensen steals 2nd, throwing error, E2
Brian Yensen to third
1-0: DOUBLE (Flyball, 8RXD, EV 108.1 MPH)
Brian Yensen scores
Batting: RHB Cole Lucas 0-0: Ball
1-0: Fly out, F3 (Popup, 3SF, EV 73.8 MPH)
Batting: RHB Vince Beach 0-0: Ball
1-0: Ground out U3 (Groundball, 13, EV 89.4 MPH)
Dallas Mayer to third
Batting: RHB Brian Reser 0-0: Fly out, F8 (Flyball, 8RD, EV 100.0 MPH)
Bottom of the 2nd over - 3 runs, 4 hits, 1 error, 1 left on base; Pacific 1 - Arizona State 3
TOP OF THE 3RD
Pacific Tigers batting - Pitching for Arizona State Sun Devils : RHP Tierre Pequeno
Batting: RHB Dillon Cope 0-0: Swinging Strike
0-1: Ball
1-1: Ball
2-1: Called Strike
2-2: Strikes out swinging
Batting: RHB Keaton Borneman 0-0: SINGLE (Groundball, 56D, EV 106.2 MPH)
Batting: LHB Deontay Gardner 0-0: Called Strike
0-1: Called Strike
0-2: Foul Ball, location: 2F
0-2: Ball
1-2: Strikes out looking
Batting: RHB R.C. Fees 0-0: Called Strike
Keaton Borneman steals 2nd base
0-1: Ball
1-1: Ball
Wild Pitch!
Keaton Borneman to third
2-1: Ball
3-1: SINGLE (Line Drive, 5D, EV 96.2 MPH)
Keaton Borneman scores
Batting: RHB Devin Pickett 0-0: Ball
1-0: Called Strike
1-1: Ball
2-1: Foul Ball, location: 2F
2-2: Foul Ball, location: 2F
2-2: Foul Ball, location: 2F
2-2: DOUBLE (Line Drive, 8LXD, EV 103.1 MPH)
R.C. Fees to third
Batting: SHB Henry Champion 0-0: Called Strike
0-1: Called Strike
0-2: Ball
1-2: SINGLE (Line Drive, 4D, EV 101.9 MPH)
R.C. Fees scores
Devin Pickett to third
Runner from 3rd tries for Home, SAFE, throw by RF to home
Batting: RHB Joey Tindall 0-0: Ball
1-0: Called Strike
1-1: Ball
2-1: Ball
3-1: Base on Balls
Henry Champion to second
Batting: RHB Alex Johnson 0-0: Fielders Choice at 2nd, 6-4 (Groundball, 6, EV 95.6 MPH)
Top of the 3rd over - 3 runs, 4 hits, 0 errors, 2 left on base; Pacific 4 - Arizona State 3
BOTTOM OF THE 3RD
Arizona State Sun Devils batting - Pitching for Pacific Tigers : LHP Nolan Guidry
Batting: RHB Tony Walker 0-0: Ball
1-0: Ball
2-0: Ball
3-0: Base on Balls
Batting: RHB Joey Bryan 0-0: Called Strike
0-1: Ball
1-1: Foul Ball, location: 2F
1-2: Ball
2-2: SINGLE (Flyball, 9S, EV 89.4 MPH)
Tony Walker to second
Runner from 2nd tries for 3rd, SAFE, throw by RF made to third
Batting: RHB Paul Johnson 0-0: Called Strike
0-1: Ball
1-1: Fly out, F9 (Line Drive, 89S, EV 93.1 MPH)
Batting: RHB DaVaris Sandalls 0-0: Foul Ball, location: 2F
0-1: Ball
1-1: Ball
2-1: Fly out, F6 (Popup, 6MD, EV 50.6 MPH)
Batting: RHB Brian Yensen 0-0: Ball
1-0: Ground out 5-3 (Groundball, 56S, EV 88.1 MPH)
Bottom of the 3rd over - 0 runs, 1 hit, 0 errors, 2 left on base; Pacific 4 - Arizona State 3
TOP OF THE 4TH
Pacific Tigers batting - Pitching for Arizona State Sun Devils : RHP Tierre Pequeno
Batting: RHB Lemarr Fornasari 0-0: Ball
1-0: DOUBLE (Line Drive, 8LD, EV 110.6 MPH)
Batting: RHB Dillon Cope 0-0: Called Strike
0-1: Ball
1-1: Ball
2-1: Foul Ball, location: 2F
2-2: Foul Ball, location: 2F
2-2: Foul Ball, location: 2F
2-2: Strikes out swinging
Batting: RHB Keaton Borneman 0-0: Fly out, F8 (Flyball, 8RM, EV 87.5 MPH)
Batting: LHB Deontay Gardner 0-0: Ball
1-0: 2-RUN HOME RUN (Line Drive, 9D, EV 106.9 MPH), Distance : 401 ft
Pitching: LHP Fletcher Charles
Batting: RHB R.C. Fees 0-0: Ball
1-0: Ground out 6-3 (Groundball, 6, EV 108.8 MPH)
Top of the 4th over - 2 runs, 2 hits, 0 errors, 0 left on base; Pacific 6 - Arizona State 3
BOTTOM OF THE 4TH
Arizona State Sun Devils batting - Pitching for Pacific Tigers : LHP Nolan Guidry
Batting: LHB Dallas Mayer 0-0: Called Strike
0-1: Fly out, F9 (Flyball, 9, EV 91.2 MPH)
Batting: RHB Cole Lucas 0-0: Ball
1-0: Ball
2-0: Called Strike
2-1: Ball
3-1: Called Strike
3-2: Foul Ball, location: 2F
3-2: Foul Ball, location: 2F
3-2: Fly out, F8 (Flyball, 89S, EV 91.9 MPH)
Batting: RHB Vince Beach 0-0: Ball
1-0: Swinging Strike
1-1: Ball
2-1: Ball
3-1: Called Strike
3-2: Base on Balls
Batting: RHB Brian Reser 0-0: Called Strike
0-1: Foul Ball, location: 2F
0-2: Strikes out swinging
Bottom of the 4th over - 0 runs, 0 hits, 0 errors, 1 left on base; Pacific 6 - Arizona State 3
TOP OF THE 5TH
Pacific Tigers batting - Pitching for Arizona State Sun Devils : LHP Fletcher Charles
Batting: RHB Devin Pickett 0-0: Ball
1-0: Ball
2-0: Ball
3-0: Called Strike
3-1: Called Strike
3-2: Ground out 5-3 (Groundball, 5, EV 101.2 MPH)
Batting: SHB Henry Champion 0-0: Ball
1-0: Fly out, F8 (Flyball, 8RM, EV 88.8 MPH)
Batting: RHB Joey Tindall 0-0: Ball
1-0: Ground out 5-3 (Groundball, 56, EV 83.1 MPH)
Top of the 5th over - 0 runs, 0 hits, 0 errors, 0 left on base; Pacific 6 - Arizona State 3
BOTTOM OF THE 5TH
Arizona State Sun Devils batting - Pitching for Pacific Tigers : LHP Nolan Guidry
Batting: RHB Tony Walker 0-0: Called Strike
0-1: DOUBLE (Line Drive, 9LS, EV 103.1 MPH)
Batting: RHB Joey Bryan 0-0: Foul Ball, location: 2F
0-1: Called Strike
0-2: Strikes out looking
Batting: RHB Paul Johnson 0-0: Ball
1-0: Ball
2-0: Called Strike
2-1: Ball
3-1: Fly out, F4 (Line Drive, 4, EV 71.9 MPH)
Lined into DP, 4-6 (Line Drive, 4, EV 76.9 MPH)
Bottom of the 5th over - 0 runs, 1 hit, 0 errors, 0 left on base; Pacific 6 - Arizona State 3
TOP OF THE 6TH
Pacific Tigers batting - Pitching for Arizona State Sun Devils : LHP Fletcher Charles
Batting: RHB Alex Johnson 0-0: Called Strike
0-1: Called Strike
0-2: Ball
1-2: Reached on error, E4 (Groundball, 4, EV 98.1 MPH)
Batting: RHB Lemarr Fornasari 0-0: Called Strike
0-1: Foul Ball, location: 2F
0-2: Ball
1-2: Foul Ball, location: 2F
1-2: Ball
2-2: Ball
3-2: Base on Balls
Batting: RHB Dillon Cope 0-0: Bunted foul
0-1: Bunt - Flyout to 25! F5
Batting: RHB Keaton Borneman 0-0: Called Strike
0-1: Ball
1-1: Ball
2-1: Ball
3-1: Foul Ball, location: 2F
3-2: Base on Balls
Alex Johnson to third
Lemarr Fornasari to second
Batting: LHB Deontay Gardner 0-0: Ball
1-0: Swinging Strike
1-1: Foul Ball, location: 2F
1-2: Strikes out looking
Batting: RHB R.C. Fees 0-0: Ball
1-0: Fly out, F9 (Line Drive, 9LM, EV 95.6 MPH)
Top of the 6th over - 0 runs, 0 hits, 1 error, 3 left on base; Pacific 6 - Arizona State 3
BOTTOM OF THE 6TH
Arizona State Sun Devils batting - Pitching for Pacific Tigers : LHP Nolan Guidry
Batting: RHB DaVaris Sandalls 0-0: Ball
1-0: Ball
2-0: Ball
3-0: Called Strike
3-1: Base on Balls
Batting: RHB Brian Yensen 0-0: Ball
1-0: Ball
2-0: Fly out, F8 (Flyball, 8LD, EV 100.0 MPH)
Pitching: LHP Max Warren
Batting: LHB Dallas Mayer 0-0: Called Strike
0-1: Ball
1-1: Foul Ball, location: 2F
1-2: Foul Ball, location: 2F
1-2: Ball
2-2: Strikes out swinging
Batting: RHB Cole Lucas 0-0: Ball
1-0: Foul Ball, location: 2F
1-1: Ball
2-1: SINGLE (Groundball, 4D, EV 95.6 MPH)
DaVaris Sandalls to second
Runner from 2nd tries for 3rd, SAFE, throw by RF made to third
Batting: RHB Vince Beach 0-0: Called Strike
0-1: Foul Ball, location: 2F
0-2: Strikes out swinging
Bottom of the 6th over - 0 runs, 1 hit, 0 errors, 2 left on base; Pacific 6 - Arizona State 3
TOP OF THE 7TH
Pacific Tigers batting - Pitching for Arizona State Sun Devils : LHP Fletcher Charles
Batting: RHB Devin Pickett 0-0: Ball
1-0: Foul Ball, location: 2F
1-1: Called Strike
1-2: Ball
2-2: Ball
3-2: Foul Ball, location: 2F
3-2: Base on Balls
Batting: SHB Henry Champion 0-0: Sac Bunt to 13 - play at first, batter OUT! 1-3
Devin Pickett to second
Batting: RHB Joey Tindall 0-0: Called Strike
0-1: Ball
1-1: Foul Ball, location: 2F
1-2: Strikes out looking
Batting: RHB Alex Johnson 0-0: Called Strike
0-1: Foul Ball, location: 2F
0-2: Strikes out swinging
Top of the 7th over - 0 runs, 0 hits, 0 errors, 1 left on base; Pacific 6 - Arizona State 3
BOTTOM OF THE 7TH
Arizona State Sun Devils batting - Pitching for Pacific Tigers : LHP Max Warren
Batting: RHB Brian Reser 0-0: Ball
1-0: Ground out U3 (Groundball, 34S, EV 85.0 MPH)
Batting: RHB Tony Walker 0-0: Swinging Strike
0-1: Foul Ball, location: 2F
0-2: Strikes out looking
Batting: RHB Joey Bryan 0-0: Fly out, F7 (Flyball, 78M, EV 89.4 MPH)
Bottom of the 7th over - 0 runs, 0 hits, 0 errors, 0 left on base; Pacific 6 - Arizona State 3
TOP OF THE 8TH
Pacific Tigers batting - Pitching for Arizona State Sun Devils : LHP Fletcher Charles
Batting: RHB Lemarr Fornasari 0-0: Ball
1-0: Foul Ball, location: 2F
1-1: Ball
2-1: Ball
3-1: Foul Ball, location: 2F
3-2: Strikes out swinging
Batting: RHB Dillon Cope 0-0: Called Strike
0-1: Swinging Strike
0-2: Ground out 4-3 (Groundball, 4, EV 90.0 MPH)
Batting: RHB Keaton Borneman 0-0: SINGLE (Groundball, 25, EV 74.4 MPH) (infield hit)
Batting: LHB Deontay Gardner 0-0: Ball
1-0: Called Strike
1-1: Called Strike
1-2: Strikes out swinging
Top of the 8th over - 0 runs, 1 hit, 0 errors, 1 left on base; Pacific 6 - Arizona State 3
BOTTOM OF THE 8TH
Arizona State Sun Devils batting - Pitching for Pacific Tigers : LHP Max Warren
Batting: RHB Paul Johnson 0-0: Ball
1-0: Ball
2-0: Fly out, F2 (Popup, 25F, EV 86.9 MPH)
Batting: RHB DaVaris Sandalls 0-0: Called Strike
0-1: Foul Ball, location: 2F
0-2: Strikes out swinging
Batting: RHB Brian Yensen 0-0: Ball
1-0: Ball
2-0: Called Strike
2-1: Foul Ball, location: 2F
2-2: Ball
3-2: Strikes out swinging
Bottom of the 8th over - 0 runs, 0 hits, 0 errors, 0 left on base; Pacific 6 - Arizona State 3
TOP OF THE 9TH
Pacific Tigers batting - Pitching for Arizona State Sun Devils : LHP Fletcher Charles
Batting: RHB R.C. Fees 0-0: Foul Ball, location: 2F
0-1: Ball
1-1: Swinging Strike
1-2: Ball
2-2: Ball
3-2: Foul Ball, location: 2F
3-2: Foul Ball, location: 2F
3-2: Foul Ball, location: 2F
3-2: Base on Balls
Pitching: RHP Kyle McGuigan
Batting: RHB Devin Pickett 0-0: SINGLE (Groundball, 6MD, EV 103.8 MPH)
R.C. Fees to second
Batting: SHB Henry Champion 0-0: Bunted foul
0-1: Ball
1-1: Bunted foul
1-2: Ball
2-2: Foul Ball, location: 2F
2-2: Foul Ball, location: 2F
2-2: Foul Ball, location: 2F
2-2: Reached on error, E3 (Groundball, 34, EV 91.9 MPH)
R.C. Fees to third
Devin Pickett to second
Batting: RHB Joey Tindall 0-0: Called Strike
0-1: Ball
1-1: Ball
2-1: Called Strike
2-2: Foul Ball, location: 2F
2-2: Ball
3-2: Fly out, F9 (Line Drive, 9, EV 109.4 MPH)
Batting: RHB Alex Johnson 0-0: Called Strike
0-1: Ball
1-1: Foul Ball, location: 2F
1-2: Foul Ball, location: 2F
1-2: Ball
2-2: Strikes out swinging
Batting: RHB Lemarr Fornasari 0-0: Foul Ball, location: 2F
0-1: Ball
1-1: Ball
2-1: Foul Ball, location: 2F
2-2: Ball
3-2: Base on Balls
R.C. Fees scores
Devin Pickett to third
Henry Champion to second
Batting: RHB Dillon Cope 0-0: Fielders Choice at 2nd, 6-4 (Groundball, 6, EV 82.5 MPH)
Top of the 9th over - 1 run, 1 hit, 1 error, 3 left on base; Pacific 7 - Arizona State 3
BOTTOM OF THE 9TH
Arizona State Sun Devils batting - Pitching for Pacific Tigers : LHP Max Warren
Batting: LHB Dallas Mayer 0-0: Ball
1-0: Swinging Strike
1-1: Foul Ball, location: 2F
1-2: Ball
2-2: Foul Ball, location: 2F
2-2: SINGLE (Line Drive, 56D, EV 98.8 MPH)
Batting: RHB Cole Lucas 0-0: Ball
1-0: Called Strike
1-1: SINGLE (Groundball, 6MD, EV 95.6 MPH)
Dallas Mayer to second
Pitching: RHP Reid Dwyer
Pinch Hitting: LHB Quinton Eickenhorst 0-0: Grounds into double play, 4-6-3 (Groundball, 4, EV 87.5 MPH)
Dallas Mayer to third
Batting: RHB Brian Reser 0-0: Called Strike
0-1: Ball
1-1: Ball
2-1: Ball
3-1: Fly out, F9 (Line Drive, 9, EV 98.1 MPH)
Bottom of the 9th over - 0 runs, 2 hits, 0 errors, 1 left on base; Pacific 7 - Arizona State 3
Sunday, April 14th , 2024 - OOTP Baseball 23.10 Build 110